 Dungeon Crawl Stone Soup version 0.27-a0-926-g0e6d9124c6 (webtiles) character file.

Game seed: 6978217623004758388

158 Froggeryz the Chiller (level 4, -5/33 HPs)
             Began as a Demigod Ice Elementalist on Apr 10, 2021.
             Killed by nerve-wracking pain
             ... invoked by Grinder
              (8 damage)
             ... on level 3 of the Dungeon.
             The game lasted 00:05:14 (5041 turns).

Froggeryz the Chiller (Demigod Ice Elementalist)    Turns: 5041, Time: 00:05:14

Health: -5/33      AC:  2    Str:  6 (9)  XL:     4   Next: 94%
Magic:  6/9        EV: 12    Int: 20 (21) God:
Gold:   80         SH:  0    Dex: 17 (20) Spells: 3/7 levels left

rFire    . . .     SeeInvis .   l - +0 mace
rCold    . . .     Faith    .   (no shield)
rNeg     . . .     Spirit   .   a - +0 robe
rPois    .         Reflect  .   (no helmet)
rElec    .         Harm     .   (no cloak)
rCorr    .         Rampage  .   (no gloves)
Will     .....                  (no boots)
Stlth    ++........             (no amulet)
HPRegen  0.11/turn              m - ring of flight
MPRegen  0.11/turn              n - +6 ring of dexterity

@: mighty, freezing walls, flying
A: high mp 1, forlorn
a: no special abilities


You were on level 3 of the Dungeon.
You visited 1 branch of the dungeon, and saw 3 of its levels.

You collected 80 gold pieces.

Inventory:

Hand Weapons
 l - a +0 mace (weapon)
Missiles
 b - 43 poisoned darts (quivered)
Armour
 a - a +0 robe (worn)
Jewellery
 m - a ring of flight (left hand)
 n - a +6 ring of dexterity (right hand)
Scrolls
 c - a scroll of blinking {unknown}
 f - a scroll of enchant armour
 j - a scroll of holy word {unknown}
 k - a scroll of acquirement {unknown}
Potions
 h - a potion of might


   Skills:
 - Level 1.7 Dodging
 - Level 1.7 Stealth
 + Level 2.1 Spellcasting
 * Level 5.7 Ice Magic


You had 3 spell levels left.
You knew the following spells:

 Your Spells              Type           Power      Damage    Failure   Level
a - Freeze                Ice            100%       1d11      1%          1
b - Frozen Ramparts       Ice            50%        1d7       4%          3

Your spell library contained the following spells:

 Spells                   Type           Power      Damage    Failure   Level
 Ozocubu's Armour         Ice            25%        N/A       4%          3
 Hailstorm                Conj/Ice       13%        3d5       43%         4
 Summon Ice Beast         Ice/Summ       13%        N/A       43%         4


Dungeon Overview and Level Annotations

Branches:
Dungeon (3/15)

Annotations:
D:3 Grinder


Innate Abilities, Weirdness & Mutations

Your attributes grow dramatically as you level up.
You have an increased reservoir of magic. (+10% MP)
You shall have no god before yourself.


Message History

Grinder gestures at you. You resist with significant effort.
You can move again.
You see here a +0 dagger of pain.
Unknown command.
Unknown command.
Unknown command.
Casting: Frozen Ramparts (dangerous; 4% risk of failure)
Confirm with . or Enter, or press ? or * to list all spells.
Casting: Frozen Ramparts (dangerous; 4% risk of failure)
Press: ? - help, Dir - look around, f - activate The walls around you are covered in ice.
The wall freezes the bat.
Grinder completely resists.
The wall freezes Grinder but does no damage.
Grinder gestures at you.
You barely resist.
Unknown command.
It was a potion of might.
You feel very mighty all of a sudden.
The wall freezes the bat. x2
You kill the bat!
Grinder resists.
The wall freezes Grinder.
Grinder hits you but does no damage.
You hit Grinder.
Grinder is lightly wounded.
Grinder completely resists.
The wall freezes Grinder but does no damage.
Grinder gestures at you. Pain shoots through your body!
* * * LOW HITPOINT WARNING * * *
Unknown command.
Okay, then.
Okay, then.
As you read the scroll labelled EMYR OPTUSH, it crumbles to dust.
It is a scroll of identify.
f - a scroll of enchant armour Grinder completely resists.
The wall freezes Grinder but does no damage.
Grinder gestures at you. Pain shoots through your body!
You die...

#...### #.# #.#...# #.#
#...#.# #.# #...#... #.#
####...####.. #>.....
##...................##.
###.......##### ##.....#
#....♣.)..#### ..$###...
#...♣....@5)?#.?...##...
#........###........#...
#.....P..#
#).........###
#........# #.....>..
#.>......# ###......
#......#.# ......
#......#... ......
#.......[... .....
#####..##### ....#


You could see Grinder.

Vanquished Creatures
  A centaur skeleton (D:2)
  An orc wizard (D:3)
  An adder (D:2)
  3 worms (D:2)
  6 orcs (D:3)
  4 bats
  6 endoplasms
  7 hobgoblins
  8 jackals
  6 quokkas
  10 ball pythons
  3 frilled lizards
  4 goblins
  9 kobolds
  4 rats
73 creatures vanquished.

Notes
Turn   | Place    | Note
-------+----------+-------------------------------------------
     0 | D:1      | Froggeryz the Demigod Ice Elementalist began the quest for
                  | the Orb.
     0 | D:1      | Reached XP level 1. HP: 14/14 MP: 5/5
   133 | D:1      | Reached skill level 4 in Ice Magic
   498 | D:1      | Reached XP level 2. HP: 20/20 MP: 4/7
  1454 | D:2      | Reached XP level 3. HP: 26/26 MP: 6/8
  2170 | D:2      | Reached skill level 5 in Ice Magic
  2564 | D:2      | HP: 1/26 [centaur skeleton (2)]
  3546 | D:2      | Reached XP level 4. HP: 18/33 MP: 9/9
  3776 | D:2      | Learned a level 3 spell: Frozen Ramparts
  4565 | D:3      | Noticed Grinder
  5031 | D:3      | Paralysed by Grinder for 7 turns
  5041 | D:3      | Killed from afar by Grinder

Illustrated notes

Levels and vault maps discovered:
D:1:      dpeg_arrival_round_c, layout_loops_ring,
          chequers_ecumenical_altar_lobes
D:2:      layout_basic, hangedman_decor_growths, minmay_octomino_j4
D:3:      layout_rooms, serial_park_tiny_2, uniq_grinder

Skill      XL: |  1  2  3  4 |
---------------+-------------+-----
Ice Magic      | 4 5 |  5.7
Spellcasting   | 2 |  2.1
Dodging        | |  1.7
Stealth        | |  1.7

Action                   |  1- 3 |  4- 6 || total
-------------------------+-------+-------++-------
Melee: Unarmed           |    61 |       ||    61
       Mace              |       |    27 ||    27
Throw: Dart              |    12 |     8 ||    20
 Cast: Freeze            |    57 |    28 ||    85
       Frozen Ramparts   |       |     4 ||     4
  Use: Potion            |       |     4 ||     4
       Scroll            |       |     1 ||     1
 Stab: Sleeping          |     1 |     3 ||     4
Armor: Robe              |    37 |     3 ||    40
Dodge: Dodged            |   133 |    25 ||   158

Table legend: (Time is in decaauts)
 A = Elapsed time spent in this place.
 B = Non-inter-level travel time spent in this place.
 C = Inter-level travel time spent in this place.
 D = Time resting spent in this place.
 E = Time spent auto-exploring this place.
 F = Levels seen in this place.
 G = Mean time per level.
                   A        B        C        D        E       F      G
               +--------+--------+--------+--------+--------+-----+--------+
         Total |   5055 |   5024 |     31 |   1961 |   2496 |   3 | 1685.0 |
       Dungeon |   5055 |   5024 |     31 |   1961 |   2496 |   3 | 1685.0 |
               +--------+--------+--------+--------+--------+-----+--------+

Top non-repeatable levels by time:
     D:1: 2698 daAuts
     D:2: 1824 daAuts
     D:3: 533 daAuts
